 Dungeon Crawl Stone Soup version 0.25.0-33-gff14898 (webtiles) character file.

Game seed: 14329987952004193628

28159 sollaires the Spear-Bearer (level 13, -1/114 HPs)
             Began as a Hill Orc Monk on July 8, 2020.
             Was a High Priest of Kikubaaqudgha.
             Slain by an entropy weaver (2 damage)
             ... on level 4 of the Lair of Beasts.
             The game lasted 01:10:05 (17128 turns).

sollaires the Spear-Bearer (Hill Orc Monk)         Turns: 17128, Time: 01:10:05

Health: -1/114     AC: 12    Str: 22    XL:     13   Next: 37%
Magic:  14/25      EV: 10    Int: 13    God:    Kikubaaqudgha [*****.]
Gold:   941        SH:  0    Dex: 25    Spells: 12/29 levels left

rFire    . . .     SeeInvis .   b - +9 spear of Foolhardiness {pain, *Rage Str+6 Dex+6}
rCold    . . .     Gourm    .   (no shield)
rNeg     . . .     Faith    .   A - +0 chain mail
rPois    .         Spirit   .   m - +1 helmet
rElec    .         Reflect  .   y - scarf {repulsion}
rCorr    .         Harm     .   M - +0 pair of gloves
MR       .....     Rnd*Rage +   F - +0 pair of boots
Stlth    ..........             l - amulet of regeneration
HPRegen  0.69/turn              j - +6 ring of dexterity
MPRegen  0.19/turn              H - ring of wizardry

@: lethally poisoned (-1 -> -1), marked, corroded, berserk cooldown, slowed,
repel missiles, very slow
A: no striking features
a: Receive Corpses, Torment, Renounce Religion


You were on level 4 of the Lair of Beasts.
You worshipped Kikubaaqudgha.
Kikubaaqudgha was extremely pleased with you.
You were near starving.

You visited 3 branches of the dungeon, and saw 16 of its levels.

You collected 941 gold pieces.

Inventory:

Hand Weapons
 a - a +0 trident
 b - the +9 spear of Foolhardiness (weapon) {pain, *Rage Str+6 Dex+6}
   (You found it on level 8 of the Dungeon)

   In the hands of one skilled in necromantic magic, it inflicts extra damage on
   living creatures.
   It affects your strength (+6).
   It affects your dexterity (+6).
   It may make you go berserk in combat.
Armour
 m - a +1 helmet (worn)
 n - +0 fire dragon scales
 t - the +2 leather armour of the Villain {rN+}
   (You found it on level 4 of the Dungeon)

   It protects you from negative energy.
 v - a +0 kite shield
 y - a scarf of repulsion (worn)
 A - a +0 chain mail (worn)
 E - a +0 plate armour
 F - a +0 pair of boots (worn)
 M - a +0 pair of gloves (worn)
 N - a +2 cloak
Jewellery
 j - a +6 ring of dexterity (left hand)
 k - an uncursed ring of resist corrosion
 l - an amulet of regeneration (around neck)
 q - an uncursed ring of protection from magic
 H - a ring of wizardry (right hand)
Wands
 o - a wand of flame (49)
 C - a wand of iceblast (17)
 G - a wand of random effects (13)
Scrolls
 d - 4 scrolls of enchant armour
 h - 2 scrolls of immolation
 i - 4 scrolls of identify
 p - a scroll of fog
 r - 5 scrolls of remove curse
 x - 3 scrolls of amnesia
 J - a scroll of fear {unknown}
 L - a scroll of teleportation
Potions
 e - 4 potions of resistance
 f - 3 potions of might
 g - 2 potions of magic {unknown}
 s - 3 potions of heal wounds
 u - 3 potions of berserk rage
 w - a potion of cancellation
 z - 3 potions of curing
 B - 3 potions of brilliance
 D - a potion of invisibility
 I - a potion of ambrosia
Comestibles
 c - 19 rations


   Skills:
 + Level 10.3 Fighting
 - Level 12.0 Polearms
 + Level 8.8 Armour
 - Level 2.4 Dodging
 - Level 1.5 Stealth
 - Level 4.0 Shields
 + Level 8.6 Spellcasting
 + Level 11.0 Necromancy


You had 12 spell levels left.
You knew the following spells:

 Your Spells              Type           Power        Failure   Level  Hunger
a - Pain                  Necr           ####         1%          1    None
b - Vampiric Draining     Necr           ####......   1%          3    ##.....
c - Animate Dead          Necr           N/A          3%          4    ####...
d - Dispel Undead         Necr           ####....     3%          4    ####...
e - Agony                 Necr           ####....     10%         5    #####..

Your spell library contained the following spells:

 Spells                   Type           Power        Failure   Level  Hunger
 Sublimation of Blood     Necr           ####......   1%          2    None
 Corpse Rot               Necr/Air       N/A          5%          2    None
 Corona                   Hex            #......      32%         1    None
 Summon Small Mammal      Summ           #...         32%         1    None
 Call Imp                 Summ           #.......     43%         2    None
 Slow                     Hex            #.......     43%         2    None
 Death Channel            Necr           ####......   45%         6    #######
 Call Canine Familiar     Summ           #.......     65%         3    ##.....
 Inner Flame              Hex/Fire       #.......     65%         3    ##.....
 Portal Projectile        Hex/Tloc       #.....       65%         3    ##.....
 Summon Guardian Golem    Hex/Summ       #.......     65%         3    ##.....
 Excruciating Wounds      Chrm/Necr      ###.......   65%         5    #####..
 Cause Fear               Hex            #.........   96%         4    ####...
 Leda's Liquefaction      Hex/Erth       #.........   96%         4    ####...
 Summon Ice Beast         Ice/Summ       #.......     96%         4    ####...
 Summon Lightning Spire   Summ/Air       #.......     96%         4    ####...


Dungeon Overview and Level Annotations

Branches:
Dungeon (11/15)            Temple (1/1) D:4            Lair (4/6) D:11
  Swamp (0/4) Lair:4        Snake (0/4) Lair:4          Orc (0/2) D:10

Altars:
Ashenzari
Cheibriados
Dithmenos
Elyvilon
Fedhas
Gozag
Hepliaklqana
Kikubaaqudgha
Makhleb
Nemelex Xobeh
Okawaru
Qazlal
Ru
Sif Muna
Trog
Uskayaw
Vehumet
Wu Jian
Xom
Yredelemnul
Zin
The Shining One
Jiyva

Shops:
D:8 %   D:10 (   D:11 (

Portals:
Abyss: Lair:2

Annotations:
Lair:2 2 transporters, chacha's ghost, journeyman DsBe
Lair:3 3 runed translucent doors, exclusion: oklob plant, Loongog's ghost, journeyman MiBe


Message History

The entropy weaver hits you.
* * * LOW HITPOINT WARNING * * *
Something stings your soldier ant zombie!
The soldier ant stings your soldier ant zombie.
Your soldier ant zombie is destroyed!
The entropy weaver hits you.
* * * LOW HITPOINT WARNING * * *
The entropy weaver hits you but does no damage. x2
The entropy weaver hits you!
* * * LOW HITPOINT WARNING * * *
Your spiny frog zombie hits the entropy weaver!
You barely miss the entropy weaver.
The entropy weaver is almost dead.
You feel sick. The entropy weaver hits you.
* * * LOW HITPOINT WARNING * * *
The entropy weaver hits you!
* * * LOW HITPOINT WARNING * * *
The entropy weaver hits you.
You die...
Kikubaaqudgha rasps: "You have failed me!
Welcome... death!"

#......## aa
...###.#
#......# a ...
### ##.....##
..### a###..
#......###..#a
..#..#
#.......###.^a
##...##
#######..#?.aa
.aa.$#
##.##..a###a..#
#..###.Z#aa#
##..@##a.Z##
##.Za#†''#
###.aaa.#
#..#### ####


You could see an entropy weaver, 2 soldier ants and a friendly spiny frog
zombie.

Vanquished Creatures
  Harold (Lair:2)
  4 hydras
  A queen ant (Lair:4)
  An ugly thing (Lair:1)
  An elephant (D:11)
  4 black mambas
  A gargoyle (D:10)
  5 spiny frogs
  An efreet (D:11)
  Maggie (D:7)
  2 rime drakes (Lair:2)
  2 komodo dragons
  A troll (D:9)
  A polar bear (Lair:2)
  4 blink frogs (Lair:3)
  2 hippogriffs
  2 wyverns
  2 basilisks
  35 yaks
  3 hungry ghosts
  9 soldier ants (Lair:4)
  8 water moccasins
  5 porcupines
  6 orc warriors
  A black bear (D:11)
  4 phantoms
  6 ogres
  3 ice beasts
  3 necrophages
  6 crocodiles
  3 centaurs
  2 big kobolds
  4 bullfrogs
  A water moccasin zombie (D:10)
  2 scorpions
  5 killer bees (D:10)
  An electric eel (Lair:3)
  2 howler monkeys
  6 crimson imps
  A centaur zombie (D:6)
  5 jellies
  8 hounds
  4 bullfrog skeletons
  11 orc priests
  A centaur skeleton (D:9)
  10 orc wizards
  4 iguanas
  5 worker ants
  6 ogre zombies (D:10)
  A hound zombie (D:7)
  3 hound skeletons
  2 worker ant zombies
  A howler monkey zombie (D:8)
  2 howler monkey skeletons (D:5)
  11 adders
  3 shadow imps
  6 oozes
  An adder skeleton (D:9)
  A worm (D:3)
  3 dart slugs
  6 leopard geckos
  45 orcs
  7 bats
  3 giant cockroaches
  21 goblins
  11 hobgoblins
  3 jackals (D:5)
  15 kobolds
  9 quokkas
  5 ball pythons
  6 frilled lizards
  A goblin skeleton (D:10)
  3 goblin zombies (D:10)
  2 hobgoblin skeletons (D:10)
  3 orc skeletons (D:10)
  10 orc zombies (D:10)
  2 quokka skeletons
  7 rats
399 creatures vanquished.

Vanquished Creatures (collateral kills)
  Gastronok (Lair:1)
  Fannar (Lair:3)
  A spiny frog (Lair:1)
  A gargoyle (D:8)
  A blink frog (Lair:3)
  A hippogriff (D:11)
  11 yaks
  2 basilisks (Lair:3)
  3 soldier ants (Lair:4)
  3 water moccasins
  2 worker ants (Lair:4)
  A fungus (Lair:2)
  A plant (D:11)
29 creatures vanquished.

Vanquished Creatures (others)
  An orc wizard (D:8)
  2 fungi
  5 plants
8 creatures vanquished.

Grand Total: 436 creatures vanquished

Notes
Turn   | Place    | Note
-------+----------+-------------------------------------------
     0 | D:1      | sollaires the Hill Orc Monk began the quest for the Orb.
     0 | D:1      | Reached XP level 1. HP: 19/19 MP: 1/1
   210 | D:1      | Reached XP level 2. HP: 7/26 MP: 2/2
   480 | D:1      | Reached skill level 4 in Polearms
   730 | D:1      | Reached XP level 3. HP: 19/31 MP: 3/3
  1827 | D:2      | Reached skill level 5 in Polearms
  2312 | D:2      | Reached XP level 4. HP: 39/39 MP: 4/4
  2902 | D:3      | Reached skill level 6 in Polearms
  2925 | D:3      | Reached XP level 5. HP: 33/45 MP: 5/5
  3514 | D:4      | Found a staircase to the Ecumenical Temple.
  3520 | Temple   | Entered the Ecumenical Temple
  3764 | Temple   | Became a worshipper of Kikubaaqudgha
  3764 | Temple   | Reached * piety under Kikubaaqudgha
  3764 | Temple   | Identified Kikubaaqudgha's Volume of Black Arts
                  | (Kikubaaqudgha gifted it to you in the Ecumenical Temple)
  3764 | Temple   | Received a gift from Kikubaaqudgha
  3764 | Temple   | Reached ** piety under Kikubaaqudgha
  3770 | Temple   | Learned a level 1 spell: Pain
  3798 | D:4      | Noticed an ogre
  3908 | D:3      | Reached skill level 1 in Necromancy
  3908 | D:3      | Reached XP level 6. HP: 48/51 MP: 5/7
  4083 | D:4      | Reached skill level 7 in Polearms
  4107 | D:4      | Reached skill level 1 in Spellcasting
  4228 | D:4      | Got a scorched leather armour
  4232 | D:4      | Identified the +2 leather armour of the Villain {rN+} (You
                  | found it on level 4 of the Dungeon)
  4452 | D:4      | Found a radiant altar of Vehumet.
  4667 | D:5      | Entered Level 5 of the Dungeon
  4786 | D:5      | Noticed an ice beast
  4885 | D:5      | Reached XP level 7. HP: 30/57 MP: 9/9
  5741 | D:6      | Learned a level 3 spell: Vampiric Draining
  5774 | D:6      | Reached skill level 8 in Polearms
  5990 | D:6      | Reached XP level 8. HP: 54/64 MP: 10/12
  6551 | D:6      | Reached *** piety under Kikubaaqudgha
  6551 | D:6      | Identified Kikubaaqudgha's Disquisition on Dark Rites
                  | (Kikubaaqudgha gifted it to you on level 6 of the Dungeon)
  6551 | D:6      | Received a gift from Kikubaaqudgha
  7180 | D:7      | Reached skill level 5 in Necromancy
  7284 | D:7      | Reached skill level 9 in Polearms
  7405 | D:7      | Reached XP level 9. HP: 63/70 MP: 9/15
  7680 | D:7      | Noticed Maggie
  7727 | D:7      | Killed Maggie
  8123 | D:6      | Learned a level 4 spell: Animate Dead
  8567 | D:7      | Reached skill level 10 in Polearms
  8714 | D:7      | Found a bloodstained altar of Trog.
  8734 | D:7      | Reached **** piety under Kikubaaqudgha
  8952 | D:8      | Reached skill level 5 in Spellcasting
  9330 | D:8      | Noticed a gargoyle
  9365 | D:8      | Killed a gargoyle
  9841 | D:8      | Reached XP level 10. HP: 75/77 MP: 18/18
  9976 | D:8      | Found Uriwaapt's Food Shop.
 10240 | D:8      | Got a pitted spear
 10516 | D:8      | Identified the +9 spear of Foolhardiness {pain, *Rage Str+6
                  | Dex+6} (You found it on level 8 of the Dungeon)
 10718 | D:9      | Reached skill level 1 in Armour
 11248 | D:10     | Entered Level 10 of the Dungeon
 11311 | D:10     | Found Xuoxzuim's Antique Weapon Emporium.
 11326 | D:10     | Reached skill level 11 in Polearms
 11539 | D:10     | Found a staircase to the Orcish Mines.
 11813 | D:10     | Reached skill level 5 in Fighting
 12077 | D:10     | Learned a level 4 spell: Dispel Undead
 12083 | D:10     | Learned a level 5 spell: Agony
 12102 | D:10     | Noticed a gargoyle
 12114 | D:10     | Killed a gargoyle
 12114 | D:10     | Reached XP level 11. HP: 88/88 MP: 13/20
 12161 | D:10     | Found a shattered altar of Ashenzari.
 12226 | D:10     | Reached ***** piety under Kikubaaqudgha
 12525 | D:11     | Found a staircase to the Lair.
 12569 | D:11     | Noticed a green ugly thing
 12637 | D:11     | Found Vuhides's Weapon Shoppe.
 12922 | D:11     | Noticed a red ugly thing
 12939 | Lair:1   | Entered Level 1 of the Lair of Beasts
 12950 | Lair:1   | Killed a green ugly thing
 13154 | Lair:1   | Reached skill level 5 in Armour
 13321 | Lair:1   | Noticed Gastronok
 13333 | Lair:1   | Killed Gastronok
 13340 | Lair:1   | Reached skill level 12 in Polearms
 13956 | Lair:2   | Found a transporter.
 13956 | Lair:2   | Found a one-way gate to the infinite horrors of the Abyss.
 13956 | Lair:2   | Noticed chacha's ghost (journeyman DsBe)
 13964 | Lair:2   | Noticed a thrashing horror
 13968 | Lair:2   | Identified the cursed +1 spear of the Rattlesnake {distort,
                  | rElec rPois rF+ rC-}
 13968 | Lair:2   | Noticed a spriggan rider
 13969 | Lair:2   | Noticed a cyan ugly thing
 14045 | Lair:2   | Found a transporter.
 14063 | Lair:2   | Noticed a glowing orange brain
 14086 | Lair:2   | Reached XP level 12. HP: 87/101 MP: 11/22
 14203 | Lair:2   | Noticed Harold
 14225 | Lair:2   | Killed Harold
 14304 | Lair:2   | Noticed a four-headed hydra
 14316 | Lair:2   | Killed a four-headed hydra
 14316 | Lair:2   | Reached skill level 10 in Necromancy
 15025 | Lair:3   | Found a runed translucent gate.
 15026 | Lair:3   | Found a runed translucent gate.
 15038 | Lair:3   | Noticed Fannar
 15053 | Lair:3   | Killed Fannar
 15532 | Lair:3   | Noticed a seven-headed hydra
 15542 | Lair:3   | Killed a seven-headed hydra
 15542 | Lair:3   | Reached skill level 1 in Shields
 15985 | Lair:3   | Found a runed translucent gate.
 15985 | Lair:3   | Noticed Loongog's ghost (journeyman MiBe)
 15990 | Lair:3   | Found a viscous altar of Jiyva.
 15991 | Lair:3   | Found the +2 cloak of the Thief {+Fog Slay-2 SInv Stlth+}
 16200 | Lair:4   | Reached XP level 13. HP: 112/112 MP: 18/25
 16312 | Lair:4   | Found a staircase to the Snake Pit.
 16328 | Lair:4   | Reached skill level 10 in Fighting
 16821 | Lair:4   | Found a staircase to the Swamp.
 17096 | Lair:4   | Noticed an entropy weaver
 17110 | Lair:4   | Noticed an entropy weaver
 17128 | Lair:4   | HP: 1/114 [entropy weaver (12)]
 17128 | Lair:4   | Slain by an entropy weaver

Illustrated notes

Levels and vault maps discovered:
D:1:      roderic_dead_forest, layout_rooms
D:2:      layout_loops_ring
D:3:      layout_loops_ring, roderic_serpentine_path
D:4:      lemuel_upstairs_altar, layout_cave_pools, kennysheep_mini,
          temple_statues, first_ration, minmay_ogre_servants
D:5:      layout_loops_ring
D:6:      layout_layer_cave
D:7:      layout_cave_pods, trog_hazing_becter, uniq_maggie
D:8:      layout_layer_cave, serial_shops, shop
D:9:      layout_long_grid, kennysheep_generic_room_7
D:10:     layout_roguey, zombieorc1_lemuel, serial_shops, shop, basic_altar,
          hangedman_little_slice_of_home
D:11:     layout_gridville, david_lair_generic, serial_shops, shop
Temple:   roderic_octagonal_lattice_temple
Lair:1:   layout_chaotic_city, minmay_hedge_maze, uniq_gastronok
Lair:2:   layout_cave_pods, gammafunk_ghost_abyssal_escape, beast_lair_carwin_2,
          uniq_harold
Lair:3:   layout_small_grid, gammafunk_ghost_ooze,
          chequers_serial_rivers_large_b, st_stairs_12,
          infiniplex_staircase_pool_2, minmay_lair_oklob_chamber,
          serial_bayou_shore_a, uniq_fannar
Lair:4:   layout_roguey, palyth_hydra_swamp_entry,
          minmay_snake_entry_six_corridors, st_stairs_12, zaba_antful_of_joy

Skill      XL: |  1  2  3  4  5  6  7  8  9 10 11 12 13 |
---------------+----------------------------------------+-----
Polearms       | 4 5 6 7 8 9 10 11 12 | 12.0
Necromancy     | 1 2 3 5 7 8 9 10 11 | 11.0
Spellcasting   | 1 2 4 5 6 7 8 |  8.6
Fighting       | 5 7 9 10 | 10.3
Armour         | 3 6 8 |  8.8
Shields        | 2 4 |  4.0
Dodging        | |  2.4
Stealth        | |  1.5

Action                   |  1- 3 |  4- 6 |  7- 9 | 10-12 | 13-15 || total
-------------------------+-------+-------+-------+-------+-------++-------
Melee: Spear             |   177 |   296 |    86 |   563 |   117 ||  1239
       Trident           |       |       |   474 |    41 |       ||   515
 Cast: Pain              |       |       |    46 |       |       ||    46
       Vampiric Draining |       |       |    17 |     6 |     4 ||    27
       Animate Dead      |       |       |     4 |    29 |     3 ||    36
Invok: Receive Corpses   |       |       |     3 |    19 |     2 ||    24
Evoke: Wand              |       |     6 |       |       |       ||     6
  Use: Scroll            |     4 |     7 |     7 |    17 |       ||    35
       Potion            |       |       |     2 |     2 |       ||     4
 Stab: Sleeping          |     6 |     4 |     3 |    17 |       ||    30
       Distracted        |       |       |     3 |     3 |     2 ||     8
  Eat: Chunk             |     4 |     5 |    18 |    16 |     1 ||    44
       Ration            |       |     1 |     1 |     6 |       ||     8
Armor: Robe              |    11 |    35 |       |       |       ||    46
       Leather armour    |       |     6 |   100 |    29 |       ||   135
       Chain mail        |       |       |       |    17 |    21 ||    38
Dodge: Dodged            |    71 |    91 |   218 |    74 |    20 ||   474
       Repelled          |       |       |    15 |     6 |       ||    21
Block: Kite shield       |       |       |       |     2 |       ||     2
